Map: Arctic Dream LE

Players

Georges

  • Race: Terran Terran
  • League: Diamond
  • Spawn Location: 6:00

SwankyHoff

  • Race: Terran Terran
  • Spawn Location: 5:00

AWBTiet

  • Race: Protoss Protoss
  • League: Silver
  • Spawn Location: 11:00

BloppieZA

  • Race: Zerg Zerg
  • League: Platinum
  • Spawn Location: 12:00

VOD

Have the link to the VOD?

Description

noob

Time

  • Played on: Sept. 13, 2020, 12:40 p.m.
  • Length: 8:33
Show
View Real Time Build Order
Export as new Build Order

Georges Terran 

Build Orders:  

Get SALT Encoding   

  12  0:01  SCV  
  13  0:13  SCV  
  14  0:25  SCV  
  14  0:26  Supply Depot  
  15  0:48  SCV  
  16  0:52  Barracks  
  16  1:02  Barracks  
  16  1:12  Barracks  
  16  1:16  SCV  
  17  1:28  SCV  
  17  1:29  Supply Depot  
  18  1:39  Marine  
  19  1:50  Marine  
  19  1:52  Supply Depot  
  20  1:56  Orbital Command  
  20  2:00  Marine  
  21  2:04  Marine  
  22  2:19  Marine x2  
  22  2:21  Bunker  
  22  2:32  Marine  
  22  2:34  SCV  
  24  2:38  Refinery  
  24  2:47  SCV  
  25  2:52  Marine x3  
  26  3:10  Marine x3, SCV  
  30  3:14  Refinery  
  30  3:23  SCV  
  31  3:30  Command Center  
  31  3:44  Marine x3  
  30  3:57  SCV  
  31  4:04  Marine  
  31  4:05  Marine x2  
  31  4:06  Factory  
  31  4:09  SCV  
  35  4:21  SCV  
  35  4:22  Marine  
  37  4:28  Marine x2  
  30  4:40  Marine  
  30  4:42  SCV  
  30  4:43  Orbital Command  
  32  4:50  Factory Tech Lab  
  32  4:52  Barracks  
  33  4:58  Marine  
  33  5:04  Orbital Command  
  33  5:08  SCV  
  33  5:09  Siege Tank  
  37  5:16  Marine  
  37  5:19  Starport  
  37  5:20  SCV  
  39  5:29  Bunker  
  39  5:34  Marine, SCV  
  41  5:41  Siege Tank  
  44  5:43  Barracks Tech Lab  
  44  5:53  Bunker  
  44  5:54  Marine  
  44  6:10  Barracks Reactor  
  41  6:12  Marine  
  41  6:16  Marine x2  
  41  6:17  SCV x2  
  46  6:29  Marine, SCV x2  
  49  6:33  Marine  
  50  6:41  SCV x2  
  50  6:42  Barracks Reactor  
  52  6:53  Marine  
  52  6:54  Marine x2  
  49  6:55  SCV x2  
  52  7:04  Medivac  
  52  7:08  Supply Depot x2  
  54  7:11  Supply Depot  
  54  7:17  SCV  
  54  7:29  Marine x2, SCV, Marauder, Siege Tank  
  62  7:30  Marine x2, SCV  
  62  7:36  Command Center  
  65  7:41  SCV  
  66  7:46  SCV  
  66  7:51  Marauder  
  69  7:53  SCV  
  69  7:58  SCV  
  71  7:59  Medivac  
  73  8:05  SCV  
  73  8:10  Marine x2, SCV  
  73  8:11  Marine x2  
  78  8:18  SCV  
Show
View Real Time Build Order
Export as new Build Order

SwankyHoff Terran 

Build Orders:  

Get SALT Encoding   

  12  0:00  SCV  
  13  0:12  SCV  
  14  0:17  Supply Depot  
  14  0:24  SCV  
  15  0:39  SCV  
  16  0:51  SCV  
  17  1:02  Barracks  
  17  1:03  SCV  
  18  1:05  Barracks  
  18  1:16  Barracks  
  18  1:18  SCV  
  19  1:30  Supply Depot, SCV  
  20  1:38  Refinery  
  20  1:42  SCV  
  21  1:54  SCV  
  21  1:55  Marine x2  
  24  2:06  SCV  
  25  2:08  Bunker  
  25  2:12  Bunker  
  25  2:20  SCV  
  26  2:24  Supply Depot  
  26  2:32  SCV  
  26  2:33  Marine x3  
  30  2:51  Marine x2  
  32  2:57  Bunker  
  32  3:01  SCV  
  36  3:13  SCV  
  36  3:16  Barracks Reactor  
  36  3:18  Barracks Reactor  
  36  3:19  Barracks Reactor  
  34  3:26  SCV  
  35  3:37  Bunker  
  35  3:38  SCV  
  36  4:03  Marine x3  
  39  4:11  Supply Depot  
  39  4:18  Bunker  
  39  4:26  Orbital Command  
  39  4:32  Marine x5  
  39  4:33  Marine  
  45  4:42  Command Center  
  40  4:50  Bunker, Marine x4  
  43  5:04  Marine x2  
  45  5:10  SCV  
  46  5:18  Marine  
  47  5:42  Bunker  
  47  5:43  Bunker  
  47  5:46  Barracks x2  
  47  5:47  Marine  
  47  5:48  Barracks  
  47  5:49  Bunker  
  47  5:50  Marine  
  47  5:53  Marine, SCV  
  29  6:15  Marine  
  29  6:16  Marine x5  
  1  7:59  Orbital Command  
  1  8:02  Marine  
Show
View Real Time Build Order
Export as new Build Order

AWBTiet Protoss 

Build Orders:  

Get SALT Encoding   

  12  0:09  Pylon  
  12  0:29  Gateway  
  12  0:31  Probe  
  13  0:47  Gateway  
  13  0:57  Forge  
  13  1:07  Probe  
  13  1:10  Pylon  
  14  1:14  Zealot (Chrono Boost)  
  16  1:19  Probe  
  17  1:33  Zealot (Chrono Boost)  
  21  1:40  Zealot (Chrono Boost)  
  21  1:45  Probe  
  22  1:49  Assimilator  
  24  1:56  Zealot (Chrono Boost)  
  24  2:00  Zealot (Chrono Boost)  
  26  2:03  Pylon  
  26  2:05  Probe  
  27  2:18  Photon Cannon  
  16  3:14  Zealot x2  
  20  3:20  Photon Cannon  
  20  3:24  Pylon  
  20  3:37  Pylon  
  20  3:59  Photon Cannon  
  20  4:20  Photon Cannon  
  20  4:25  Probe (Chrono Boost)  
  21  4:36  Probe (Chrono Boost)  
  22  4:40  Probe (Chrono Boost)  
  21  4:52  Probe  
  22  5:04  Probe  
  23  5:07  Pylon  
  23  5:20  Pylon  
  23  5:28  Photon Cannon  
  23  5:29  Photon Cannon  
  23  5:39  Photon Cannon  
  23  5:44  Pylon  
  23  5:51  Cybernetics Core  
  23  6:12  Photon Cannon  
  23  6:16  Photon Cannon  
  23  6:30  Stargate  
  23  6:32  Stargate  
  23  6:34  Stargate  
  23  6:43  Assimilator  
  23  7:12  Pylon  
  23  7:15  Pylon  
  23  7:23  Fleet Beacon  
  23  7:32  Nexus  
  23  7:34  Assimilator  
  23  7:38  Assimilator  
  23  7:41  Pylon  
  23  7:43  Photon Cannon  
  23  7:48  Photon Cannon  
  23  7:54  Probe  
Show
View Real Time Build Order
Export as new Build Order

BloppieZA Zerg 

Build Orders: Hatch First, Zergling Baneling 

Get SALT Encoding   

  12  0:01  Drone  
  13  0:08  Drone  
  14  0:18  Overlord  
  14  0:25  Extractor  
  14  0:26  Drone  
  15  0:36  Drone x2  
  17  0:44  Drone  
  18  0:56  Drone  
  19  1:00  Extractor  
  18  1:04  Hatchery  
  18  1:06  Drone  
  18  1:19  Spawning Pool  
  18  1:22  Drone  
  18  1:28  Drone  
  19  1:38  Drone  
  20  1:48  Drone  
  21  1:59  Drone  
  22  2:06  Metabolic Boost  
  22  2:07  Hatchery  
  21  2:10  Overlord  
  21  2:17  Drone  
  21  2:22  Drone  
  23  2:33  Drone x2  
  25  2:43  Zergling x2  
  25  2:44  Zergling x2  
  27  2:46  Queen  
  27  2:48  Queen  
  27  2:51  Zergling x2  
  32  3:00  Zergling x4  
  32  3:01  Baneling Nest  
  33  3:13  Zergling x4  
  33  3:17  Zergling x2  
  35  3:41  Overlord x3  
  30  3:57  Zergling x2  
  30  3:58  Zergling x10  
  30  3:59  Zergling x4  
  36  4:05  Zergling x12  
  42  4:13  Zergling x2  
  43  4:20  Baneling  
  43  4:21  Baneling x9  
  43  4:23  Zergling x6  
  32  4:50  Baneling  
  32  4:51  Baneling x5  
  31  4:53  Zergling x2  
  31  4:54  Zergling x20  
  31  4:57  Zergling x2  
  31  4:59  Zergling x2  
  42  5:29  Zergling x2  
  42  5:30  Zergling x16  
  51  5:37  Queen  
  51  5:42  Lair  
  53  6:10  Zergling x4  
  53  6:11  Zergling x12  
  57  6:13  Overlord x3  
  57  6:54  Baneling  
  57  6:55  Baneling x6  
  57  6:57  Zergling x2  
  57  6:58  Zergling x22  
  57  7:32  Extractor  
  57  7:35  Drone x3  
  57  7:36  Zergling x2  
  62  7:37  Zergling x14  
  67  7:44  Drone, Spire  
  67  7:50  Drone x2  
  69  8:07  Extractor, Drone x6  
  69  8:08  Extractor  
Tags
 
Add a new tag
Caveats
  • Supply blocks, unpowered buildings, or Contaminate may cause inaccurate times.
  • Supply counts are checked every 10 seconds.